 Dungeon Crawl Stone Soup version 0.30.0-29-ga12c61a403 (webtiles) character file.

Game seed: 18352789207116120345

8578 hawla the Thaumaturge (level 11, -5/83 HPs)
             Began as a Meteoran Fire Elementalist on June 8, 2023.
             Was a Believer of Jiyva.
             Slain by a yak (9 damage)
             ... on level 10 of the Dungeon.
             The game lasted 00:25:46 (5253 turns).

hawla the Thaumaturge (Meteoran Fire Elementalist)  Turns: 5253, Time: 00:25:47

Health: -5/83      AC:  6    Str:  9 (12) XL:     11   Next: 88%
Magic:  23/28      EV: 14    Int: 19 (22) God:    Jiyva [**....]
Gold:   117        SH:  0    Dex: 16 (19) Spells: 28/35 levels left

rFire   + . .        k - +3 spear of Nightmares {flame, rN++ Int+2}
rCold   + . .        (no shield)
rNeg    + + .        j - +2 robe of Happy Babbling {rF+ Str+2}
rPois   .            (no helmet)
rElec   +            x - +0 cloak
rCorr   +            a - +0 pair of gloves "Gabulu" {Contam rElec rC+ Dex+3}
SInv    +            (no boots)
Will    +....        (no amulet)
Stlth   +            l - ring of see invisible
HPRegen 1.29/turn    q - ring of flight
MPRegen 0.51/turn

%: no passive effects
@: mighty, flying, glowing
A: sense surroundings 2, otherworldly, glowing, explore regen, screaming 2,
noise suppression
a: Renounce Religion


You were on level 10 of the Dungeon.
You worshipped Jiyva.
Jiyva was pleased with you.
You visited 2 branches of the dungeon, and saw 11 of its levels.

You collected 360 gold pieces.
You spent 243 gold pieces at shops.

Inventory:

Hand Weapons
 k - the +3 spear of Nightmares (weapon) {flame, rN++ Int+2}
   (You found it on level 5 of the Dungeon)

   Int:       It affects your intelligence (+2).
   rN:        It greatly protects you from negative energy.
 w - a +4 quarterstaff of chaos
Armour
 a - the +0 pair of gloves "Gabulu" (worn) {Contam rElec rC+ Dex+3}
   (You acquired it on level 8 of the Dungeon)

   Dex:       It affects your dexterity (+3).
   rC:        It protects you from cold.
   rElec:     It insulates you from electricity.
   Contam:    It causes magical contamination when unequipped.
 j - the +2 robe of Happy Babbling (worn) {rF+ Str+2}
   (You found it on level 4 of the Dungeon)

   Str:       It affects your strength (+2).
   rF:        It protects you from fire.
 x - a +0 cloak (worn)
Jewellery
 f - a ring of wizardry
 h - a ring of willpower
 l - a ring of see invisible (left hand)
 q - a ring of flight (right hand)
 y - a ring of willpower
Wands
 n - a wand of iceblast (18)
 r - a wand of polymorph (5)
Scrolls
 b - 4 scrolls of identify
 d - 3 scrolls of poison
 i - a scroll of brand weapon {unknown}
 m - 2 scrolls of teleportation
 o - a scroll of silence
 s - 2 scrolls of noise {unknown}
 t - a scroll of magic mapping {unknown}
 v - 2 scrolls of enchant armour {unknown}
Potions
 c - a potion of curing
 e - 4 potions of brilliance
 p - 10 potions of ambrosia
 u - a potion of flight
 z - a potion of invisibility {unknown}


   Skills:
 + Level 3.7 Fighting
 + Level 4.4 Polearms
 + Level 5.2 Dodging
 - Level 1.4 Stealth
 + Level 12.9 Spellcasting
 + Level 8.1 Conjurations
 + Level 12.3 Fire Magic


You had 28 spell levels left.
You knew the following spells:

 Your Spells              Type           Power      Damage    Failure   Level
a - Foxfire               Conj/Fire      100%       2x1d9     1%          1
b - Scorch                Fire           100%       2d9       1%          2
c - Flame Wave            Conj/Fire      50%        2d12      1%          4

Your spell library contained the following spells:

 Spells                   Type           Power      Damage    Failure   Level
 Inner Flame              Hex/Fire       35%        N/A       1%          3
 Volatile Blastmotes      Fire/Tloc      70%        2d15      1%          3
 Ozocubu's Armour         Ice            12%        N/A       17%         3
 Metabolic Englaciation   Hex/Ice        6%         N/A       83%         5
 Simulacrum               Ice/Necr       6%         N/A       100%        6


Dungeon Overview and Level Annotations

Branches:
Dungeon (10/15) Zot: 785   Temple (1/1) D:5 Zot: 559    Lair (0/5) D:10
    Orc (0/2) D:10

Altars:
Ashenzari
Cheibriados
Dithmenos
Elyvilon
Fedhas
Gozag
Hepliaklqana
Kikubaaqudgha
Makhleb
Nemelex Xobeh
Okawaru
Qazlal
Trog
Uskayaw
Vehumet
Wu Jian
Xom
Yredelemnul
Zin
The Shining One
Jiyva

Shops:
D:4 (   D:6 =   D:7 [!(


Innate Abilities, Weirdness & Mutations

You passively map the area around you.
You are easily found by Zot.
You glow in the dark.
You regain HP and MP as you explore.
You frequently scream uncontrollably at your foes.
You passively dampen the noise of your surroundings.


Message History

(Press . to intensify the flame waves.)
An orc comes into view. It is wielding a +0 flail.
The orc priest mumbles some strange prayers to Beogh against you.
Beogh smites you!
The orc priest mumbles some strange prayers to Beogh against the orc.
Beogh smites you!
The orc knight hits you with a +2 halberd of freezing!!
* * * LOW HITPOINT WARNING * * *
The orc moves out of view.
A wave of flame ripples out!
The flame wave engulfs the orc knight.
The orc knight is moderately wounded.
The flame wave engulfs the orc!!
You kill the orc!
The flame wave engulfs the yak!
The yak is heavily wounded.
The orc knight barely misses you.
The orc priest looks satisfied for a moment.
A wave of flame ripples out!
The flame wave engulfs the yak!
The yak is severely wounded.
The flame wave engulfs the orc knight!
The orc knight is heavily wounded.
The flame wave engulfs the orc warrior!
The orc warrior is heavily wounded.
The flame wave engulfs the orc warrior!!
The orc warrior is severely wounded.
You finish channelling waves of flame.
You hear a shout! x2
An orc comes into view. It is wielding a +0 club.
The yak gores you but does no damage.
The orc knight hits you with a +2 halberd of freezing!
* * * LOW HITPOINT WARNING * * *
The orc knight freezes you.
* * * LOW HITPOINT WARNING * * *
An orc comes into view. It is wielding a +0 war axe.
You scream at the orc!
Okay, then.
It was a potion of might.
You feel very mighty all of a sudden. The yak gores you!
You die...

~~ , * ,
#.......#.#####.#
,,, *
#..._...^.##....# ,
,
##,#.......#.#..####
, , * #
..#.......#.#.## ^ ,
, , #. #.
.....,#.#.# *,
#..#.####^####...# ,
#.............### ,
##....######### * ,
* *###.@# * , #Yo# ,
, , , Y8))# *


ooYoo..# * , .ooYo8.## , ,, * ..oYo#. , , **.oooo#. , ,, * *>ooo8#. * , , ~ * *
* You could see an orc knight, 5 yaks, 3 orc warriors, 4 orc priests and 8 orcs.

Vanquished Creatures
  The ghost of BiteMe the Thaumaturge, a novice DsFE of Vehumet (D:8)
  Pikel (D:5)
  The ghost of crux the Insei, a novice OpTm (D:7)
  Joseph (D:7)
  A queen bee (D:9)
  2 hornets
  2 slime creatures (D:8)
  Grum (D:8)
  12 yaks
  2 vampire mosquitoes (D:10)
  An acid dragon (D:10)
  A sky beast (D:7)
  2 black bears
  5 orc warriors
  2 ogres
  2 wolves (D:8)
  2 centaurs
  A phantom (D:6)
  A kobold brigand (D:8)
  2 gnoll sergeants
  3 bullfrogs
  A scorpion (D:5)
  5 wights (D:8)
  26 killer bees (D:9)
  4 jellies
  An iron imp (D:5)
  An orc priest (D:4)
  Crazy Yiuf (D:7)
  3 hounds
  A gnoll bouda (D:8)
  3 iguanas
  4 orc wizards
  3 sleepcaps
  11 gnolls
  An adder (D:6)
  A shadow imp (D:7)
  3 white imps
  3 worms
  2 dart slugs (D:3)
  31 orcs
  2 ball pythons
  3 endoplasms
  6 hobgoblins
  9 kobolds
  A bat (D:3)
  A frilled lizard (D:3)
  2 goblins
  6 rats
181 creatures vanquished.

Vanquished Creatures (others)
  A troll (D:10)
  5 slime creatures (D:10)
  4 jellies
  5 orcs
  238 foxfires
253 creatures vanquished.

Grand Total: 434 creatures vanquished

Notes
Turn   | Place    | Note
-------+----------+-------------------------------------------
     0 | D:1      | hawla the Meteoran Fire Elementalist began the quest for
                  | the Orb.
     0 | D:1      | Reached XP level 1. HP: 14/14 MP: 5/5
   169 | D:2      | Reached XP level 2. HP: 20/20 MP: 3/6
   180 | D:2      | Learned a level 2 spell: Scorch
   354 | D:2      | Reached XP level 3. HP: 26/26 MP: 6/8
   466 | D:4      | Reached XP level 4. HP: 23/33 MP: 0/10
   528 | D:4      | Found a stormy altar of Qazlal.
   586 | D:4      | Noticed a moth of wrath
   590 | D:4      | Found a bloodstained altar of Trog.
   704 | D:4      | Reached XP level 5. HP: 38/38 MP: 2/12
   709 | D:4      | Learned a level 4 spell: Flame Wave
   712 | D:4      | Noticed an orc warrior
   740 | D:4      | Found Zinn's Weapon Emporium.
   750 | D:4      | Killed an orc warrior
   751 | D:4      | Reached XP level 6. HP: 2/45 MP: 0/13
   760 | D:4      | Reached skill level 5 in Fire Magic
  1078 | D:4      | Reached XP level 7. HP: 45/50 MP: 6/15
  1100 | D:4      | Identified the +2 robe of Happy Babbling {rF+ Str+2}
  1474 | D:5      | Entered Level 5 of the Dungeon
  1562 | D:5      | Found a hazy altar of Hepliaklqana.
  1570 | D:5      | Reached skill level 5 in Conjurations
  1578 | D:5      | Reached skill level 5 in Spellcasting
  1643 | D:5      | Identified the +3 spear of Nightmares {flame, rN++ Int+2}
  1700 | D:5      | Found a staircase to the Ecumenical Temple.
  1822 | Temple   | Entered the Ecumenical Temple
  1976 | D:5      | Noticed Pikel
  1987 | D:5      | Killed Pikel
  1988 | D:5      | Reached XP level 8. HP: 22/57 MP: 4/19
  2022 | D:5      | Found a snail-covered altar of Cheibriados.
  2092 | D:6      | Found Ruacoerch's Jewellery Emporium.
  2349 | D:6      | Bought a ring of flight for 210 gold pieces
  2382 | D:6      | Gained mutation: You passively map the area around you.
                  | [Meteoran growth]
  2382 | D:6      | Reached XP level 9. HP: 54/62 MP: 10/21
  2450 | D:6      | Reached skill level 1 in Polearms
  2852 | D:7      | Found Alach's Distillery.
  2894 | D:7      | Found Gil Wazo's Armour Shoppe.
  2903 | D:7      | Noticed Joseph
  2915 | D:7      | Killed Joseph
  2916 | D:7      | Reached skill level 1 in Fighting
  2946 | D:7      | Bought a potion of lignification for 33 gold pieces
  2988 | D:7      | Found a shadowy altar of Dithmenos.
  2988 | D:7      | Found a sparkling altar of Nemelex Xobeh.
  3025 | D:7      | Found a runed translucent door.
  3055 | D:7      | Noticed crux's ghost (novice OpTm)
  3134 | D:7      | Found Miogie Duury's Weapon Shop.
  3134 | D:7      | Noticed a +0 giant club
  3137 | D:7      | Noticed a +0 giant spiked club
  3260 | D:7      | Found a runed translucent door.
  3261 | D:7      | Noticed Crazy Yiuf
  3359 | D:7      | Killed crux's ghost
  3360 | D:7      | Reached XP level 10. HP: 66/73 MP: 13/24
  3425 | D:7      | Killed Crazy Yiuf
  3603 | D:8      | Gained mutation: You expend magic power (3 MP) to
                  | strengthen your wands. [potion of mutation]
  3603 | D:8      | Lost mutation: You expend magic power (3 MP) to strengthen
                  | your wands. [potion of mutation]
  3603 | D:8      | Gained mutation: You are somewhat resistant to further
                  | mutation. [potion of mutation]
  3603 | D:8      | Gained mutation: Your spells are a little harder to cast,
                  | but a little more powerful. [potion of mutation]
  3604 | D:8      | Lost mutation: Your spells are a little harder to cast, but
                  | a little more powerful. [potion of mutation]
  3604 | D:8      | Lost mutation: You are somewhat resistant to further
                  | mutation. [potion of mutation]
  3604 | D:8      | Gained mutation: You occasionally shout uncontrollably at
                  | your foes. [potion of mutation]
  3604 | D:8      | Gained mutation: You frequently scream uncontrollably at
                  | your foes. [potion of mutation]
  3604 | D:8      | Gained mutation: You passively dampen the noise of your
                  | surroundings. [potion of mutation]
  3619 | D:8      | Identified a scroll of acquirement
  3619 | D:8      | Acquired the +0 pair of gloves "Gabulu" {Contam rElec rC+
                  | Dex+3}
  3632 | D:8      | Paralysed by a hornet for 2 turns
  3636 | D:8      | Paralysed by a hornet for 2 turns
  3637 | D:8      | HP: 2/73 [hornet (10)]
  3689 | D:8      | Found an iron altar of Okawaru.
  3911 | D:8      | Found a runed translucent gate.
  3912 | D:8      | Found a runed translucent gate.
  3913 | D:8      | Found a runed translucent gate.
  3914 | D:8      | Noticed BiteMe's ghost (novice DsFE)
  3916 | D:8      | Found a viscous altar of Jiyva.
  3922 | D:8      | Reached skill level 10 in Fire Magic
  3925 | D:8      | Reached skill level 10 in Spellcasting
  3934 | D:8      | Killed BiteMe's ghost
  3951 | D:8      | Became a worshipper of Jiyva Jiafaop the Shapeless
  4006 | D:8      | Noticed Grum
  4015 | D:8      | Killed Grum
  4019 | D:8      | Found a radiant altar of Vehumet.
  4214 | D:8      | Reached XP level 11. HP: 66/81 MP: 20/27
  4534 | D:9      | Found a glowing golden altar of the Shining One.
  4535 | D:9      | Found a blossoming altar of Fedhas.
  4538 | D:9      | Reached * piety under Jiyva
  4775 | D:9      | Identified the +0 leather armour "Juommuo" {Str+3}
  4986 | D:9      | Found a broken altar of Ashenzari.
  5018 | D:10     | Entered Level 10 of the Dungeon
  5024 | D:10     | Reached skill level 5 in Dodging
  5074 | D:10     | Reached ** piety under Jiyva
  5110 | D:10     | Found a hide-covered altar of Uskayaw.
  5240 | D:10     | Found an opulent altar of Gozag.
  5243 | D:10     | Noticed an orc knight
  5249 | D:10     | Found a staircase to the Orcish Mines.
  5252 | D:10     | HP: 4/83 [orc knight/+2 halberd of freezing (8)]
  5253 | D:10     | Slain by a yak

Illustrated notes

Levels and vault maps discovered:
D:1:      eino_arrival_tree_alley, layout_loops_cross, patterned_corridor
D:2:      layout_loops_corners, minmay_tall_x
D:3:      layout_rooms, led_sif_pool
D:4:      layout_basic, nicolae_overflow_crystal_walls, tgw_trog, serial_shops,
          shop_statue
D:5:      layout_rooms, mainiacjoe_overflow_small_starburst, slow_altar_2,
          minmay_temple_entry_wispy, kennysheep_nub, uniq_pikel
D:6:      layout_cave_pods, serial_shops, nicolae_shop_tiny_waterfront
D:7:      layout_basic, mainiacjoe_overflow_divided_tiny, serial_shops,
          nicolae_shop_mannequins, nicolae_shop_hallway_plus,
          kennysheep_mini_moat, ebering_ghost_reflecting_pool,
          uniq_crazy_yiuf_cottage, uniq_joseph
D:8:      layout_basic, mainiacjoe_overflow_concentric_impassable,
          okawaru_metal_pillars_3, gammafunk_ghost_ooze,
          nicolae_straight_to_the_point, uniq_grum
D:9:      layout_roguey [special_room_bee], mainiacjoe_overflow_alcove_4,
          nicolae_overflow_two_pavilions, lemuel_flame_loot_1
D:10:     lemuel_troll_bridge, layout_basic, nicolae_ru_the_path_less_chosen,
          lemuel_tele_altar, eat_drink_and_be_merry_uskayaw, dpeg_lair_monsters,
          david_orc_5, uniq_lodul
Temple:   hellmonk_temple_of_storms

Skill      XL: |  1  2  3  4  5  6  7  8  9 10 11 |
---------------+----------------------------------+-----
Fire Magic     | 4 5 7 9 10 12 | 12.3
Spellcasting   | 3 4 7 9 11 12 | 12.9
Conjurations   | 2 4 5 6 7 8 |  8.1
Dodging        | 3 4 5 |  5.2
Polearms       | 3 4 |  4.4
Fighting       | 1 2 3 |  3.7
Stealth        | |  1.4

Action                     |  1- 3 |  4- 6 |  7- 9 | 10-12 || total
---------------------------+-------+-------+-------+-------++-------
  Melee: Unarmed           |     2 |       |       |       ||     2
         Flail             |       |     3 |       |       ||     3
         Spear             |       |       |    73 |    30 ||   103
         Punch             |       |       |     1 |     1 ||     2
   Cast: Foxfire           |    34 |    34 |    28 |    52 ||   148
         Scorch            |    10 |    13 |    32 |    53 ||   108
         Flame Wave        |       |     2 |     6 |    27 ||    35
    Use: Potion            |     1 |       |     1 |     9 ||    11
         Scroll            |     4 |       |     5 |     5 ||    14
 Armour: Robe              |       |     4 |    17 |    22 ||    43
         Skin              |       |       |       |    15 ||    15
  Dodge: Dodged            |     6 |    13 |    45 |    71 ||   135
